 Dungeon Crawl Stone Soup version 0.26.1-15-g04117e645d (webtiles) character file.

Game seed: 16388458611869608240

1157 Froggeryz the Slicer (level 8, 0/50 HPs)
             Began as an Octopode Brigand on Apr 13, 2022.
             Splashed by Pikel's acid (12 damage)
             ... on level 5 of the Dungeon.
             The game lasted 00:05:21 (5432 turns).

Froggeryz the Slicer (Octopode Brigand)             Turns: 5432, Time: 00:05:22

Health: 0/50       AC:  1    Str: 10    XL:     8   Next: 39%
Magic:  8/8        EV: 13    Int: 13    God:
Gold:   214        SH:  0    Dex: 16    Spells: 7/7 levels left

rFire    . . .     SeeInvis .   j - +1 dagger (speed)
rCold    . . .     Faith    .   (no shield)
rNeg     . . .     Spirit   .   (helmet restricted)
rPois    .         Reflect  .   (no amulet)
rElec    .         Harm     .   t - ring of wizardry
rCorr    .         Rampage  .   (no ring)
Will     .....                  (no ring)
Stlth    +++++.....             (no ring)
HPRegen  0.16/turn              (no ring)
MPRegen  0.11/turn              (no ring)
                                (no ring)
                                (no ring)

@: no status effects
A: almost no armour, stealthy swim, amphibious, 8 rings, constrict 8, camouflage
1, gelatinous body 1
a: no special abilities


You were on level 5 of the Dungeon.
You visited 1 branch of the dungeon, and saw 5 of its levels.

You collected 214 gold pieces.

Inventory:

Hand Weapons
 a - a +2 dagger
 j - a +1 dagger of speed (weapon)
Missiles
 b - 16 poisoned darts (quivered)
 c - a curare-tipped dart
Armour
 l - a +0 buckler
Jewellery
 t - a ring of wizardry (left tentacle)
Wands
 w - a wand of disintegration (1)
Scrolls
 d - 5 scrolls of enchant armour {unknown}
 f - a scroll of amnesia {unknown}
 h - a scroll of magic mapping {unknown}
 k - 4 scrolls of remove curse {unknown}
 m - 2 scrolls of immolation {unknown}
 n - 3 scrolls of blinking
 q - 2 scrolls of teleportation {unknown}
 r - a scroll of noise {unknown}
 u - a scroll of random uselessness {unknown}
 x - a scroll of identify
Potions
 e - a potion of might {unknown}
 g - a potion of lignification {unknown}
 i - 3 potions of curing
 o - a potion of resistance {unknown}
 p - 2 potions of heal wounds {unknown}
 s - a potion of experience {unknown}
 v - 2 potions of haste {unknown}


   Skills:
 - Level 2.0 Fighting
 * Level 8.3 Short Blades
 - Level 2.0 Throwing
 - Level 1.0 Dodging
 + Level 7.1 Stealth
 - Level 4.1 Shields


You had 7 spell levels left.
You didn't know any spells.
Your spell library contained the following spells:

 Spells                   Type           Power        Failure   Level
 Beastly Appendage        Tmut           0%           12%         1
 Wereblood                Tmut           0%           19%         2
 Spider Form              Tmut/Pois      0%           34%         3
 Ice Form                 Ice/Tmut       0%           73%         4
 Blade Hands              Tmut           0%           96%         5


Dungeon Overview and Level Annotations

Branches:
Dungeon (5/15)
 Temple: D:4-7

Altars:
Kikubaaqudgha
Zin

Annotations:
D:5 Pikel


Innate Abilities, Weirdness & Mutations

You cannot wear most types of armour.
You are very stealthy in the water. (Stealth+)
You are amphibious.
You can wear up to eight rings at the same time.
You can use your tentacles to constrict eight enemies at once.
Your skin changes colour to match your surroundings (Stealth+).
Your rubbery body absorbs attacks. (AC +1, EV +1)


Message History

Aiming: Disintegrate
Press: ? - help, Shift-Dir - straight line, f/p - Pikel
Aim: Pikel, wielding a +0 whip of flaming, wearing a +0 robe and carrying a wand of acid (11) (moderately wounded, chance to affect: 65%) Pikel struggles to resist.
You hear a shout!
You hear an angry hiss.
Aiming: Disintegrate
Press: ? - help, Shift-Dir - straight line, f/p - Pikel
Aim: Pikel, wielding a +0 whip of flaming, wearing a +0 robe and carrying a wand of acid (11) (moderately wounded, chance to affect: 65%) Pikel is blasted!
A scorpion comes into view.
Pikel zaps a wand.
The bolt of acid hits you!!
You are splashed with acid!
Aiming: Disintegrate
Press: ? - help, Shift-Dir - straight line, f/p - Pikel
Aim: Pikel, wielding a +0 whip of flaming, wearing a +0 robe and carrying a wand of acid (10) (moderately wounded, chance to affect: 65%) Pikel is blasted!!
A lemure comes into view.
Pikel zaps a wand.
The bolt of acid hits you!
* * * LOW HITPOINT WARNING * * *
You are splashed with acid!
You die...

#.......#.# .#####
########
####..#(#.#####.#...
####..>...........#
#...†...#.##.##.###
#.##.##.#.......#
#.##.##.#.....?.#
#....##.#.......#
#..####.#.......#
#..# #.#.....@.#
#... ..#.......#
#.#. ###.......#
#######... ...#
K...# 5..... ......#
.......


You could see Pikel and a lemure.

Vanquished Creatures
  Prince Ribbit (D:5)
  Sigmund (D:5)
  A black bear (D:4)
  An ogre (D:4)
  A phantom (D:4)
  2 scorpions (D:4)
  A hound (D:4)
  An orc priest (D:3)
  Natasha (twice) (D:4)
  An iguana (D:5)
  3 worker ants
  An orc wizard (D:4)
  3 gnolls (D:3)
  6 adders
  An ooze (D:3)
  An adder skeleton (D:4)
  3 worms
  7 dart slugs
  2 leopard geckos (D:4)
  10 orcs
  2 ball pythons
  5 giant cockroaches
  10 goblins
  13 hobgoblins
  2 jackals (D:4)
  4 quokkas
  4 bats
  6 frilled lizards
  6 kobolds
  9 rats
110 creatures vanquished.

Notes
Turn   | Place    | Note
-------+----------+-------------------------------------------
     0 | D:1      | Froggeryz the Octopode Brigand began the quest for the Orb.
     0 | D:1      | Reached XP level 1. HP: 14/14 MP: 1/1
   371 | D:1      | Reached XP level 2. HP: 19/19 MP: 2/2
   488 | D:1      | Reached skill level 3 in Short Blades
   849 | D:1      | Reached XP level 3. HP: 24/24 MP: 3/3
  1094 | D:2      | Reached skill level 1 in Shields
  1454 | D:2      | Reached XP level 4. HP: 25/29 MP: 4/4
  1646 | D:2      | Reached skill level 4 in Short Blades
  2195 | D:3      | Reached XP level 5. HP: 20/34 MP: 5/5
  2685 | D:3      | Found an ancient bone altar of Kikubaaqudgha.
  2808 | D:3      | Found a glowing silver altar of Zin.
  3151 | D:3      | Reached skill level 5 in Short Blades
  3453 | D:4      | Reached XP level 6. HP: 39/39 MP: 6/6
  3478 | D:4      | Noticed a black bear
  3632 | D:4      | Killed a black bear
  3633 | D:4      | Reached skill level 6 in Short Blades
  3633 | D:4      | Reached XP level 7. HP: 45/45 MP: 7/7
  4566 | D:4      | Noticed Natasha
  4573 | D:4      | Killed Natasha
  4574 | D:4      | Reached skill level 7 in Short Blades
  4798 | D:4      | Noticed Natasha
  4812 | D:4      | Killed Natasha
  4946 | D:5      | Entered Level 5 of the Dungeon
  5104 | D:5      | Noticed Prince Ribbit
  5123 | D:5      | Killed Prince Ribbit
  5124 | D:5      | Reached XP level 8. HP: 28/50 MP: 8/8
  5319 | D:5      | Noticed Sigmund
  5322 | D:5      | Killed Sigmund
  5323 | D:5      | Reached skill level 8 in Short Blades
  5428 | D:5      | Noticed Pikel
  5432 | D:5      | Splashed by Pikel's acid

Illustrated notes

Levels and vault maps discovered:
D:1:      dpeg_arrival_windows_large_door, layout_basic
D:2:      layout_loops_ring
D:3:      layout_loops_cross, lemuel_crystal_altar, lemuel_crystal_altar
D:4:      layout_gridville, uniq_natasha
D:5:      layout_loops_cross, uniq_sigmund, uniq_pikel, uniq_prince_ribbit1

Skill      XL: |  1  2  3  4  5  6  7  8 |
---------------+-------------------------+-----
Short Blades   | 3 4 5 6 7 8 |  8.3
Shields        | 1 2 3 4 |  4.1
Stealth        | 6 7 |  7.1
Fighting       | |  2.0
Throwing       | |  2.0
Dodging        | |  1.0

Action                   |  1- 3 |  4- 6 |  7- 9 || total
-------------------------+-------+-------+-------++-------
Melee: Dagger            |    45 |   113 |    71 ||   229
       Constrict         |    11 |    28 |    14 ||    53
       Tentacles         |     8 |    23 |    13 ||    44
Throw: Dart              |       |    14 |     6 ||    20
Evoke: Wand              |       |       |    10 ||    10
  Use: Scroll            |       |     1 |     2 ||     3
 Stab: Sleeping          |    12 |    20 |    11 ||    43
       Distracted        |     1 |     1 |     1 ||     3
Armor: Skin              |       |     3 |       ||     3
Dodge: Dodged            |    14 |    43 |    22 ||    79
